WCHLSIM.com - West Coast Hockey League
html PUBLIC "-//W3C//DTD XHTML 1.0 Transitional//EN" "http://www.w3.org/TR/xhtml1/DTD/xhtml1-transitional.dtd"> WCHL - Game 134 - TEXAS TOROS vs COLORADO GLACIERCATS

TEXAS TOROS vs COLORADO GLACIERCATS

Created - 22 octobre 2019 at 18:34

Goals
1 2 3 T
TEXAS TOROS 0 0 0 0
COLORADO GLACIERCATS 1 1 0 2
Shots
1 2 3 T
TEXAS TOROS 7 1 5 13
COLORADO GLACIERCATS 10 16 5 31

1st period

1. COLORADO GLACIERCATS , Carl Hagelin 3 (Lucas Wallmark 2, Zach Aston-Reese 4) at 5:55

Penalties :
Shea Weber (COL) for Roughing (Minor) at 0:15, Justin Abdelkader (TEX) for Roughing (Minor) at 7:41, Jay Beagle (COL) for Hooking (Minor) at 15:31

2nd period

2. COLORADO GLACIERCATS , Brayden Schenn 1 (Joe Pavelski 5, Mark Giordano 3) at 8:00

Penalties :
Johan Larsson (TEX) for Hooking (Minor) at 2:28, David Savard (TEX) for Tripping (Minor) at 12:21, Sven Baertschi (TEX) for Hooking (Minor) at 19:42

3rd period

No Goal

Penalties :
Johan Larsson (TEX) for High sticking (Minor) at 3:10, Ryan Ellis (COL) for Goalie Interference (Minor) at 5:02, John Klingberg (COL) for Holding (Minor) at 16:02

Goalie Stats

Anders Nilsson (TEX), 29 saves from 31 shots - (0,935), L, 1-2-0, 60:00 minutes
Pekka Rinne (COL), 13 saves from 13 shots - (1,000), W, 9-0-1, 60:00 minutes

Players Stats for TEXAS TOROS

Player Name              G  A  P  +/- PIM S  H  SB GA TA FO     MP     PP MP  PK MP  
------------------------------------------------------------------------------------
Alexander Wennberg       0  0  0   0  0   0  0  0  0  0  4/10   14:07   0:00   4:12 
Braydon Coburn           0  0  0  -1  0   0  1  0  0  0  0/0    13:58   0:00   0:34 
Brock McGinn             0  0  0  -1  0   2  1  1  0  0  0/2    18:24   4:19   0:00 
David Savard             0  0  0   0  2   0  1  1  0  0  0/0    20:44   3:43   3:29 
Derek Stepan             0  0  0  -1  0   5  1  0  0  0  13/34  24:04   4:19   5:33 
Erik Gustafsson          0  0  0   0  0   0  1  4  0  0  0/0    21:52   3:43   4:36 
Erik Johnson             0  0  0  -1  0   0  3  5  0  0  0/0    25:17   4:06   5:45 
Jack Roslovic            0  0  0  -1  0   0  0  0  0  0  0/0     5:08   0:00   0:00 
Jake Virtanen            0  0  0   0  0   1  1  0  0  0  1/1    16:38   3:30   0:00 
Johan Larsson            0  0  0   0  4   0  2  0  0  0  1/1    16:36   3:30   0:00 
Justin Abdelkader        0  0  0  -1  2   2  0  0  0  0  3/7    21:29   4:19   3:06 
Nathan Walker            0  0  0  -1  0   0  0  0  0  0  0/0     5:08   0:00   0:00 
Nick Cousins             0  0  0   0  0   0  0  0  0  0  0/0     9:55   0:00   0:00 
Nick Schmaltz            0  0  0   0  0   1  0  0  0  0  2/16   22:21   3:30   5:36 
Patrik Nemeth            0  0  0  -1  0   0  1  2  0  0  0/0    13:58   0:00   0:34 
Riley Nash               0  0  0  -1  0   2  1  0  0  0  2/7     6:17   0:00   1:09 
Sven Baertschi           0  0  0   0  2   0  0  0  0  0  0/2     9:54   0:00   0:00 
Tyson Barrie             0  0  0  -1  0   0  1  1  0  0  0/0    24:10   4:06   4:38 

Players Stats for COLORADO GLACIERCATS

Player Name              G  A  P  +/- PIM S  H  SB GA TA FO     MP     PP MP  PK MP  
------------------------------------------------------------------------------------
Artemi Panarin           0  0  0   0  0   7  0  0  0  0  1/2    20:59   5:19   0:09 
Ben Lovejoy              0  0  0   1  0   1  0  0  0  0  0/0    14:37   0:00   3:34 
Brayden Schenn           1  0  1   1  0   4  1  0  0  0  1/3    17:15   4:29   0:00 
Carl Hagelin             1  0  1   1  0   2  1  0  0  0  0/0    13:17   0:00   3:39 
Devin Shore              0  0  0   0  0   1  0  0  0  0  0/0     4:28   0:00   0:00 
Ilya Lyubushkin          0  0  0   0  0   0  1  0  0  0  0/0    10:31   0:00   0:18 
Jay Beagle               0  0  0   0  2   0  0  0  0  0  4/6     4:27   0:00   0:00 
Joe Pavelski             0  1  1   1  0   7  4  0  0  0  1/1    18:05   5:19   0:00 
John Klingberg           0  0  0   0  2   0  1  0  0  0  0/0    22:41   4:14   2:02 
Jordan Staal             0  0  0   1  0   1  0  1  0  0  24/30  21:25   4:29   4:10 
Lucas Wallmark           0  1  1   1  0   0  0  0  0  0  6/13   13:17   0:00   3:39 
Mark Giordano            0  1  1   1  0   2  1  0  0  0  0/0    22:56   4:14   3:41 
Patrice Bergeron         0  0  0   0  0   3  0  0  0  0  17/24  21:02   5:19   0:12 
Paul Byron               0  0  0   0  0   0  4  0  0  0  0/1    19:53   4:29   0:00 
Ryan Ellis               0  0  0   1  2   0  0  0  0  0  0/0    23:30   5:33   3:03 
Shea Weber               0  0  0   1  2   1  1  2  0  0  0/0    25:42   5:34   3:00 
Tom Pyatt                0  0  0   0  0   0  0  0  0  0  0/0     4:28   0:00   0:00 
Zach Aston-Reese         0  1  1   1  0   2  3  0  0  0  0/0    13:27   0:00   3:49 

3 Stars

1 - Pekka Rinne (COL)
2 - Brayden Schenn (COL)
3 - Carl Hagelin (COL)

Power Play

TEXAS TOROS - 0 on 4 Attempt(s) - 0,00%
COLORADO GLACIERCATS - 0 on 5 Attempt(s) - 0,00%

Penalty Kill

TEXAS TOROS - 5 on 5 Attempt(s) - 100,00% - Score 0 goal in Penalty Kill
COLORADO GLACIERCATS - 4 on 4 Attempt(s) - 100,00% - Score 0 goal in Penalty Kill

Team Stat

TEXAS TOROS - Hits : 14 - Faceoff Wins : 26 - Blocked Shots : 14 - Penalty Minutes : 10
COLORADO GLACIERCATS - Hits : 17 - Faceoff Wins : 54 - Blocked Shots : 3 - Penalty Minutes : 8

Official

Referees : Eric Furlatt and Jake Brenk
Linesman : Ryan Madsen and Paul Simeon

Game Notes

No Game Note

Finance

Level 1 -- Attendance: 7903 (92,98%) -- Ticket Income 853 524 $
Level 2 -- Attendance: 6000 (100,00%) -- Ticket Income 498 000 $
Level 3 -- Attendance: 3000 (100,00%) -- Ticket Income 165 000 $
Level 4 -- Attendance: 4552 (91,04%) -- Ticket Income 182 080 $
Luxury Box -- Attendance: 1100 (100,00%) -- Ticket Income 280 500 $
Game was played at the GC Place.
Total Attendance: 22555 (95,57%)
Total Ticket Income: 1 979 104 $
Other Income: 593 731 $
Total Income: 2 572 835 $

TEXAS TOROS

5 vs 5 Forward 
   Center                   Left Wing                Right Wing               Time % Phy DF OF 
 1 Derek Stepan             Justin Abdelkader        Brock McGinn             36     1   1  3  
 2 Nick Schmaltz            Johan Larsson            Jake Virtanen            31     1   1  3  
 3 Alexander Wennberg       Nick Cousins             Sven Baertschi           23     1   2  2  
 4 Riley Nash               Nathan Walker            Jack Roslovic            10     2   2  1  

5 vs 5 Defense 
   Defense                  Defense                                           Time % Phy DF OF 
 1 Erik Johnson             Tyson Barrie                                      36     1   2  2  
 2 Erik Gustafsson          David Savard                                      31     1   2  2  
 3 Braydon Coburn           Patrik Nemeth                                     23     1   2  2  
 4 David Savard             Erik Johnson                                      10     1   2  2  

PowerPlay Forward 
   Center                   Left Wing                Right Wing               Time % Phy DF OF 
 1 Derek Stepan             Justin Abdelkader        Brock McGinn             55     1   2  2  
 2 Nick Schmaltz            Johan Larsson            Jake Virtanen            45     1   2  2  

PowerPlay Defense
   Defense                  Defense                                           Time % Phy DF OF 
 1 Erik Johnson             Tyson Barrie                                      55     1   2  2  
 2 Erik Gustafsson          David Savard                                      45     1   2  2  

Penalty Kill 4 Players Forward 
   Center                   Wing                     Time % Phy DF OF 
 1 Derek Stepan             Nick Schmaltz            55     1   2  2  
 2 Justin Abdelkader        Alexander Wennberg       45     1   2  2  

Penalty Kill 4 Players Defense
   Defense                  Defense                  Time % Phy DF OF 
 1 Erik Johnson             Tyson Barrie             55     1   2  2  
 2 Erik Gustafsson          David Savard             45     1   2  2  

Penalty Kill - 3 Players Forward 
   Forward                                           Time % Phy DF OF 
 1 Derek Stepan                                      55     1   2  2  
 2 Nick Schmaltz                                     45     1   2  2  

Penalty Kill - 3 Players Defense
   Defense                  Defense                  Time % Phy DF OF 
 1 Erik Johnson             Tyson Barrie             55     1   2  2  
 2 Erik Gustafsson          David Savard             45     1   2  2  

4 vs 4 Forward 
   Center                   Wing                     Time % Phy DF OF 
 1 Derek Stepan             Nick Schmaltz            55     1   2  2  
 2 Justin Abdelkader        Alexander Wennberg       45     1   2  2  

4 vs 4 Defense
   Defense                  Defense                  Time % Phy DF OF 
 1 Erik Johnson             Tyson Barrie             55     1   2  2  
 2 Erik Gustafsson          David Savard             45     1   2  2  

Last Minutes Offensive
   Center                   Left Wing                Right Wing               Defense                  Defense                  
   Derek Stepan             Justin Abdelkader        Brock McGinn             Erik Johnson             Tyson Barrie             

Last Minutes Defensive
   Center                   Left Wing                Right Wing               Defense                  Defense                  
   Derek Stepan             Justin Abdelkader        Brock McGinn             Erik Johnson             Tyson Barrie             

Goaltenders
Starting : Anders Nilsson           
Backup : Cory Schneider           

Extra Forwards
Normal : Nick Cousins, Sven Baertschi, Riley Nash - PP : Nick Cousins, Sven Baertschi - PK : Riley Nash
Extra Defensemen
Normal : Erik Gustafsson, Erik Johnson, Tyson Barrie - PP : Erik Johnson - PK : Patrik Nemeth, David Savard
Penalty Shots
Derek Stepan, Nick Schmaltz, Justin Abdelkader, Alexander Wennberg, Brock McGinn
Custom OT Lines Forwards
Derek Stepan, Nick Schmaltz, Justin Abdelkader, Alexander Wennberg, Brock McGinn, Jake Virtanen, Johan Larsson, Nick Cousins, Sven Baertschi, Riley Nash
Custom OT Lines Defensemen
Erik Johnson, Tyson Barrie, Erik Gustafsson, David Savard, Braydon Coburn

Scratches
Sergei Boikov (Healthy), Christoffer Ehn (Healthy), Connor Bunnaman (Healthy), Dante Fabbro (Healthy), Dmitry Kulikov (Healthy)
Johnathan Kovacevic (Healthy), Marian Studenic (Healthy), Ryan Sproul (Healthy), Ryan Olsen (Healthy)

COLORADO GLACIERCATS

5 vs 5 Forward 
   Center                   Left Wing                Right Wing               Time % Phy DF OF 
 1 Patrice Bergeron         Artemi Panarin           Paul Byron               35     0   2  3  
 2 Jordan Staal             Brayden Schenn           Joe Pavelski             35     0   2  3  
 3 Lucas Wallmark           Carl Hagelin             Zach Aston-Reese         25     0   2  3  
 4 Jay Beagle               Devin Shore              Tom Pyatt                5      0   3  2  

5 vs 5 Defense 
   Defense                  Defense                                           Time % Phy DF OF 
 1 Shea Weber               John Klingberg                                    36     0   1  4  
 2 Ryan Ellis               Mark Giordano                                     32     0   2  3  
 3 Ben Lovejoy              Ilya Lyubushkin                                   20     1   3  1  
 4 Ben Lovejoy              Shea Weber                                        12     0   3  2  

PowerPlay Forward 
   Center                   Left Wing                Right Wing               Time % Phy DF OF 
 1 Patrice Bergeron         Artemi Panarin           Joe Pavelski             60     0   1  4  
 2 Jordan Staal             Brayden Schenn           Paul Byron               40     0   1  4  

PowerPlay Defense
   Defense                  Defense                                           Time % Phy DF OF 
 1 Mark Giordano            John Klingberg                                    50     0   0  5  
 2 Shea Weber               Ryan Ellis                                        50     0   1  4  

Penalty Kill 4 Players Forward 
   Center                   Wing                     Time % Phy DF OF 
 1 Lucas Wallmark           Carl Hagelin             50     0   4  1  
 2 Jordan Staal             Zach Aston-Reese         50     0   4  1  

Penalty Kill 4 Players Defense
   Defense                  Defense                  Time % Phy DF OF 
 1 Ryan Ellis               Shea Weber               50     1   4  0  
 2 Ben Lovejoy              Mark Giordano            50     1   4  0  

Penalty Kill - 3 Players Forward 
   Forward                                           Time % Phy DF OF 
 1 Joe Pavelski                                      55     0   5  0  
 2 Patrice Bergeron                                  45     0   5  0  

Penalty Kill - 3 Players Defense
   Defense                  Defense                  Time % Phy DF OF 
 1 Mark Giordano            Shea Weber               50     0   5  0  
 2 Ryan Ellis               Ben Lovejoy              50     0   5  0  

4 vs 4 Forward 
   Center                   Wing                     Time % Phy DF OF 
 1 Patrice Bergeron         Artemi Panarin           50     0   1  4  
 2 Jordan Staal             Joe Pavelski             50     0   1  4  

4 vs 4 Defense
   Defense                  Defense                  Time % Phy DF OF 
 1 Shea Weber               Mark Giordano            50     0   3  2  
 2 John Klingberg           Ryan Ellis               50     0   3  2  

Last Minutes Offensive
   Center                   Left Wing                Right Wing               Defense                  Defense                  
   Patrice Bergeron         Artemi Panarin           Joe Pavelski             John Klingberg           Mark Giordano            

Last Minutes Defensive
   Center                   Left Wing                Right Wing               Defense                  Defense                  
   Patrice Bergeron         Carl Hagelin             Joe Pavelski             Mark Giordano            Ryan Ellis               

Goaltenders
Starting : Pekka Rinne              
Backup : David Rittich            

Extra Forwards
Normal : Artemi Panarin, Patrice Bergeron, Joe Pavelski - PP : Artemi Panarin, Joe Pavelski - PK : Patrice Bergeron
Extra Defensemen
Normal : John Klingberg, Shea Weber, Ryan Ellis - PP : John Klingberg - PK : John Klingberg, Ilya Lyubushkin
Penalty Shots
Artemi Panarin, Patrice Bergeron, Joe Pavelski, Devin Shore, Paul Byron
Custom OT Lines Forwards
Artemi Panarin, Patrice Bergeron, Joe Pavelski, Jordan Staal, Lucas Wallmark, Carl Hagelin, Brayden Schenn, Paul Byron, Zach Aston-Reese, Jay Beagle
Custom OT Lines Defensemen
Mark Giordano, Ryan Ellis, Shea Weber, John Klingberg, Ben Lovejoy

Scratches
None


% Time on Ice - TEXAS TOROS

Lines # - Real PCT - Wanted PCT - Time Play
Normal Forward
1 - 33% - 36% - 14:05
2 - 31% - 31% - 13:08
3 - 23% - 23% - 9:55
4 - 12% - 10% - 5:08
Normal Defense
1 - 37% - 36% - 15:26
2 - 32% - 31% - 13:26
3 - 32% - 23% - 13:24
4 - 0% - 10% - 0:00
PP Forward
1 - 55% - 55% - 4:19
2 - 45% - 45% - 3:30
PP Defense
1 - 52% - 55% - 4:06
2 - 48% - 45% - 3:43
PK Forward
1 - 57% - 55% - 5:36
2 - 43% - 45% - 4:12
PK Defense
1 - 47% - 55% - 4:38
2 - 53% - 45% - 5:10
PK3 Forward
1 - 0% - 55%
2 - 0% - 45%
PK3 Defense
1 - 0% - 55%
2 - 0% - 45%
44 Forward
1 - 100% - 55% - 0:07
2 - 0% - 45% - 0:00
44 Defense
1 - 0% - 55% - 0:00
2 - 100% - 45% - 0:07
Last Minute Offensive  - 0:00
Last Minute Defensive  - 0:00
Total
Forward - 60:00
Defense - 60:00

% Time on Ice - COLORADO GLACIERCATS

Lines # - Real PCT - Wanted PCT - Time Play
Normal Forward
1 - 36% - 35% - 15:24
2 - 30% - 35% - 12:46
3 - 23% - 25% - 9:38
4 - 11% - 5% - 4:28
Normal Defense
1 - 39% - 36% - 16:19
2 - 35% - 32% - 14:54
3 - 24% - 20% - 10:13
4 - 2% - 12% - 0:50
PP Forward
1 - 54% - 60% - 5:19
2 - 46% - 40% - 4:29
PP Defense
1 - 43% - 50% - 4:14
2 - 57% - 50% - 5:34
PK Forward
1 - 47% - 50% - 3:39
2 - 53% - 50% - 4:10
PK Defense
1 - 54% - 50% - 4:14
2 - 46% - 50% - 3:35
PK3 Forward
1 - 0% - 55%
2 - 0% - 45%
PK3 Defense
1 - 0% - 50%
2 - 0% - 50%
44 Forward
1 - 100% - 50% - 0:07
2 - 0% - 50% - 0:00
44 Defense
1 - 0% - 50% - 0:00
2 - 100% - 50% - 0:07
Last Minute Offensive  - 0:00
Last Minute Defensive  - 0:00
Total
Forward - 60:00
Defense - 60:00

Play-by-Play

1st period


0:01 of 1st period - Patrice Bergeron wins face-off versus Derek Stepan in neutral zone.
0:15 of 1st period - Minor Penalty to Shea Weber for Roughing.
0:16 of 1st period - Lucas Wallmark wins face-off versus Nick Schmaltz in COLORADO GLACIERCATS zone.
0:57 of 1st period - Shot by Nick Schmaltz.
0:57 of 1st period - Stopped by Pekka Rinne without a rebound.
0:58 of 1st period - Derek Stepan wins face-off versus Lucas Wallmark in COLORADO GLACIERCATS zone.
1:21 of 1st period - Shot by Derek Stepan.
1:21 of 1st period - Stopped by Pekka Rinne without a rebound.
1:22 of 1st period - Jordan Staal wins face-off versus Derek Stepan in COLORADO GLACIERCATS zone.
1:59 of 1st period - Icing by Derek Stepan.
2:00 of 1st period - Justin Abdelkader wins face-off versus Lucas Wallmark in TEXAS TOROS zone.
2:00 of 1st period - Justin Abdelkader is hit by Carl Hagelin.
3:08 of 1st period - John Klingberg is hit by Patrik Nemeth and loses puck.
3:45 of 1st period - Shot by Brayden Schenn.
3:45 of 1st period - Deflect By Joe Pavelski.
3:45 of 1st period - Shot Misses the Net.
3:47 of 1st period - Shot by Mark Giordano.
3:47 of 1st period - Shot Blocked by Erik Gustafsson.
4:10 of 1st period - Johan Larsson is hit by Mark Giordano and loses puck.
4:42 of 1st period - Off-side.
4:43 of 1st period - Jay Beagle wins face-off versus Justin Abdelkader in neutral zone.
5:01 of 1st period - Brock McGinn is hit by Ilya Lyubushkin and loses puck.
5:04 of 1st period - Shot by Derek Stepan.
5:04 of 1st period - Stopped by Pekka Rinne without a rebound.
5:05 of 1st period - Lucas Wallmark wins face-off versus Riley Nash in COLORADO GLACIERCATS zone.
5:15 of 1st period - Off-side.
5:16 of 1st period - Jordan Staal wins face-off versus Derek Stepan in neutral zone.
5:33 of 1st period - Shot by Justin Abdelkader.
5:33 of 1st period - Stopped by Pekka Rinne without a rebound.
5:34 of 1st period - Riley Nash wins face-off versus Lucas Wallmark in COLORADO GLACIERCATS zone.
5:43 of 1st period - Shot by Riley Nash.
5:43 of 1st period - Stopped by Pekka Rinne with a rebound.
5:48 of 1st period - Zach Aston-Reese is hit by Riley Nash and loses puck.
5:53 of 1st period - Shot by Lucas Wallmark.
5:53 of 1st period - Shot Misses the Net.
5:55 of 1st period - Shot by Carl Hagelin.
5:55 of 1st period - Goal by Carl Hagelin - TEXAS TOROS : 0 - COLORADO GLACIERCATS : 1.
5:56 of 1st period - Derek Stepan wins face-off versus Jordan Staal in neutral zone.
6:11 of 1st period - Shot by Brayden Schenn.
6:11 of 1st period - Deflect By Joe Pavelski.
6:11 of 1st period - Stopped by Anders Nilsson without a rebound.
6:12 of 1st period - Johan Larsson wins face-off versus Lucas Wallmark in TEXAS TOROS zone.
6:29 of 1st period - Lucas Wallmark is hit by Erik Gustafsson and loses puck.
6:42 of 1st period - Shot by Zach Aston-Reese.
6:42 of 1st period - Shot Blocked by David Savard.
7:12 of 1st period - Shot by John Klingberg.
7:12 of 1st period - Shot Misses the Net.
7:14 of 1st period - Shot by Shea Weber.
7:14 of 1st period - Shot Misses the Net.
7:16 of 1st period - Shot by Patrice Bergeron.
7:16 of 1st period - Shot Misses the Net.
7:18 of 1st period - Shot by Shea Weber.
7:18 of 1st period - Stopped by Anders Nilsson with a rebound.
7:20 of 1st period - Shot by Shea Weber.
7:20 of 1st period - Deflect By Artemi Panarin.
7:20 of 1st period - Stopped by Anders Nilsson without a rebound.
7:21 of 1st period - Derek Stepan wins face-off versus Brayden Schenn in TEXAS TOROS zone.
7:21 of 1st period - Derek Stepan is hit by Joe Pavelski.
7:24 of 1st period - Icing by Tyson Barrie.
7:25 of 1st period - Jordan Staal wins face-off versus Brock McGinn in TEXAS TOROS zone.
7:41 of 1st period - Minor Penalty to Justin Abdelkader for Roughing.
7:42 of 1st period - Derek Stepan wins face-off versus Patrice Bergeron in TEXAS TOROS zone.
8:18 of 1st period - Shot by Artemi Panarin.
8:18 of 1st period - Stopped by Anders Nilsson with a rebound.
9:05 of 1st period - Brayden Schenn is hit by Derek Stepan.
9:06 of 1st period - Icing by Brayden Schenn.
9:07 of 1st period - Jordan Staal wins face-off versus Riley Nash in COLORADO GLACIERCATS zone.
9:49 of 1st period - Shot by Zach Aston-Reese.
9:49 of 1st period - Shot Misses the Net.
9:51 of 1st period - Shot by Lucas Wallmark.
9:51 of 1st period - Shot Misses the Net.
10:01 of 1st period - Shot by Zach Aston-Reese.
10:01 of 1st period - Stopped by Anders Nilsson without a rebound.
10:02 of 1st period - Jay Beagle wins face-off versus Nick Schmaltz in TEXAS TOROS zone.
10:29 of 1st period - Shot by Devin Shore.
10:29 of 1st period - Stopped by Anders Nilsson without a rebound.
10:30 of 1st period - Jordan Staal wins face-off versus Derek Stepan in TEXAS TOROS zone.
11:18 of 1st period - Icing by Ryan Ellis.
11:19 of 1st period - Jordan Staal wins face-off versus Alexander Wennberg in COLORADO GLACIERCATS zone.
11:25 of 1st period - Icing by Mark Giordano.
11:26 of 1st period - Jordan Staal wins face-off versus Alexander Wennberg in COLORADO GLACIERCATS zone.
11:42 of 1st period - Shot by Sven Baertschi.
11:42 of 1st period - Shot Misses the Net.
11:44 of 1st period - Shot by Nick Cousins.
11:44 of 1st period - Shot Misses the Net.
13:03 of 1st period - David Savard is hit by Zach Aston-Reese and loses puck.
13:12 of 1st period - Shot by Lucas Wallmark.
13:12 of 1st period - Shot Misses the Net.
13:14 of 1st period - Shot by Ben Lovejoy.
13:14 of 1st period - Stopped by Anders Nilsson with a rebound.
13:20 of 1st period - Jake Virtanen is hit by Zach Aston-Reese and loses puck.
13:54 of 1st period - Shot by Justin Abdelkader.
13:54 of 1st period - Stopped by Pekka Rinne without a rebound.
13:55 of 1st period - Jordan Staal wins face-off versus Alexander Wennberg in COLORADO GLACIERCATS zone.
14:39 of 1st period - Icing by Alexander Wennberg.
14:40 of 1st period - Alexander Wennberg wins face-off versus Artemi Panarin in TEXAS TOROS zone.
14:54 of 1st period - Shot by Artemi Panarin.
14:54 of 1st period - Stopped by Anders Nilsson without a rebound.
14:55 of 1st period - Derek Stepan wins face-off versus Jay Beagle in TEXAS TOROS zone.
15:07 of 1st period - Shot by Brock McGinn.
15:07 of 1st period - Shot Blocked by Shea Weber.
15:09 of 1st period - Shot by Derek Stepan.
15:09 of 1st period - Shot Misses the Net.
15:31 of 1st period - Minor Penalty to Jay Beagle for Hooking.
15:32 of 1st period - Nick Schmaltz wins face-off versus Jordan Staal in COLORADO GLACIERCATS zone.
15:35 of 1st period - Shot by Nick Schmaltz.
15:35 of 1st period - Shot Misses the Net.
16:01 of 1st period - Shot by Jake Virtanen.
16:01 of 1st period - Stopped by Pekka Rinne without a rebound.
16:02 of 1st period - Derek Stepan wins face-off versus Lucas Wallmark in COLORADO GLACIERCATS zone.
16:18 of 1st period - Lucas Wallmark is hit by Erik Johnson and loses puck.
17:56 of 1st period - Shot by Patrice Bergeron.
17:56 of 1st period - Stopped by Anders Nilsson without a rebound.
17:57 of 1st period - Jay Beagle wins face-off versus Nick Schmaltz in TEXAS TOROS zone.
18:16 of 1st period - Mark Giordano is hit by Johan Larsson and loses puck.
19:39 of 1st period - Shot by Artemi Panarin.
19:39 of 1st period - Deflect By Patrice Bergeron.
19:39 of 1st period - Shot Blocked by Patrik Nemeth.
19:41 of 1st period - Shot by Patrice Bergeron.
19:41 of 1st period - Shot Misses the Net.
Goals for this period are 0 for TEXAS TOROS vs 1 for COLORADO GLACIERCATS.
Shots for this period are 7 for TEXAS TOROS vs 10 for COLORADO GLACIERCATS.

2nd period


0:01 of 2nd period - Derek Stepan wins face-off versus Patrice Bergeron in neutral zone.
0:05 of 2nd period - Icing by Shea Weber.
0:06 of 2nd period - Patrice Bergeron wins face-off versus Brock McGinn in COLORADO GLACIERCATS zone.
0:12 of 2nd period - Brock McGinn is hit by Paul Byron and loses puck.
0:26 of 2nd period - Icing by Erik Johnson.
0:27 of 2nd period - Jordan Staal wins face-off versus Derek Stepan in TEXAS TOROS zone.
0:28 of 2nd period - Shot by Joe Pavelski.
0:28 of 2nd period - Shot Misses the Net.
0:36 of 2nd period - Shot by Joe Pavelski.
0:36 of 2nd period - Shot Misses the Net.
0:38 of 2nd period - Shot by Jordan Staal.
0:38 of 2nd period - Deflect By Brayden Schenn.
0:38 of 2nd period - Shot Blocked by Erik Johnson.
0:40 of 2nd period - Shot by Brayden Schenn.
0:40 of 2nd period - Stopped by Anders Nilsson with a rebound.
1:32 of 2nd period - Shot by Patrice Bergeron.
1:32 of 2nd period - Shot Misses the Net.
1:34 of 2nd period - Shot by Patrice Bergeron.
1:34 of 2nd period - Deflect By Artemi Panarin.
1:34 of 2nd period - Shot Misses the Net.
1:36 of 2nd period - Shot by Artemi Panarin.
1:36 of 2nd period - Shot Misses the Net.
1:40 of 2nd period - Shot by Artemi Panarin.
1:40 of 2nd period - Stopped by Anders Nilsson without a rebound.
1:41 of 2nd period - Lucas Wallmark wins face-off versus Nick Schmaltz in TEXAS TOROS zone.
1:59 of 2nd period - Off-side.
2:00 of 2nd period - Patrice Bergeron wins face-off versus Riley Nash in neutral zone.
2:25 of 2nd period - Shot by Jack Roslovic.
2:25 of 2nd period - Deflect By Riley Nash.
2:25 of 2nd period - Stopped by Pekka Rinne without a rebound.
2:26 of 2nd period - Brayden Schenn wins face-off versus Nick Schmaltz in COLORADO GLACIERCATS zone.
2:28 of 2nd period - Minor Penalty to Johan Larsson for Hooking.
2:29 of 2nd period - Artemi Panarin wins face-off versus Derek Stepan in TEXAS TOROS zone.
2:42 of 2nd period - Shot by Patrice Bergeron.
2:42 of 2nd period - Shot Blocked by Erik Gustafsson.
2:44 of 2nd period - Shot by Joe Pavelski.
2:44 of 2nd period - Deflect By Artemi Panarin.
2:44 of 2nd period - Stopped by Anders Nilsson with a rebound.
2:46 of 2nd period - Shot by Joe Pavelski.
2:46 of 2nd period - Shot Misses the Net.
2:48 of 2nd period - Shot by Joe Pavelski.
2:48 of 2nd period - Deflect By Patrice Bergeron.
2:48 of 2nd period - Shot Blocked by Erik Gustafsson.
2:50 of 2nd period - Shot by Ryan Ellis.
2:50 of 2nd period - Shot Misses the Net.
2:52 of 2nd period - Shot by Artemi Panarin.
2:52 of 2nd period - Shot Misses the Net.
2:56 of 2nd period - Shot by Patrice Bergeron.
2:56 of 2nd period - Shot Misses the Net.
3:42 of 2nd period - Icing by John Klingberg.
3:43 of 2nd period - Derek Stepan wins face-off versus Brayden Schenn in COLORADO GLACIERCATS zone.
4:02 of 2nd period - Shot by Mark Giordano.
4:02 of 2nd period - Stopped by Anders Nilsson without a rebound.
4:03 of 2nd period - Justin Abdelkader wins face-off versus Patrice Bergeron in TEXAS TOROS zone.
4:03 of 2nd period - Justin Abdelkader is hit by Joe Pavelski.
4:24 of 2nd period - Shot by Patrice Bergeron.
4:24 of 2nd period - Stopped by Anders Nilsson with a rebound.
4:28 of 2nd period - Shot by Artemi Panarin.
4:28 of 2nd period - Shot Misses the Net.
4:44 of 2nd period - Off-side.
4:45 of 2nd period - Jay Beagle wins face-off versus Nick Schmaltz in neutral zone.
5:03 of 2nd period - Off-side.
5:04 of 2nd period - Jordan Staal wins face-off versus Derek Stepan in neutral zone.
5:06 of 2nd period - Off-side.
5:07 of 2nd period - Jordan Staal wins face-off versus Justin Abdelkader in neutral zone.
5:12 of 2nd period - Shot by Joe Pavelski.
5:12 of 2nd period - Shot Blocked by Brock McGinn.
5:14 of 2nd period - Shot by Mark Giordano.
5:14 of 2nd period - Shot Blocked by Erik Johnson.
5:25 of 2nd period - Jordan Staal is hit by Tyson Barrie and loses puck.
5:48 of 2nd period - Brayden Schenn is hit by Erik Johnson and loses puck.
6:50 of 2nd period - Icing by Erik Johnson.
6:51 of 2nd period - Lucas Wallmark wins face-off versus Derek Stepan in TEXAS TOROS zone.
6:55 of 2nd period - Zach Aston-Reese is hit by Erik Johnson and loses puck.
7:06 of 2nd period - Shot by Carl Hagelin.
7:06 of 2nd period - Shot Misses the Net.
7:40 of 2nd period - Derek Stepan is hit by Brayden Schenn.
7:54 of 2nd period - Shot by Joe Pavelski.
7:54 of 2nd period - Deflect By Jordan Staal.
7:54 of 2nd period - Shot Misses the Net.
7:56 of 2nd period - Shot by Mark Giordano.
7:56 of 2nd period - Shot Misses the Net.
7:58 of 2nd period - Shot by Joe Pavelski.
7:58 of 2nd period - Shot Blocked by Erik Johnson.
8:00 of 2nd period - Shot by Joe Pavelski.
8:00 of 2nd period - Deflect By Brayden Schenn.
8:00 of 2nd period - Goal by Brayden Schenn - TEXAS TOROS : 0 - COLORADO GLACIERCATS : 2.
8:01 of 2nd period - Patrice Bergeron wins face-off versus Nick Schmaltz in neutral zone.
8:01 of 2nd period - Artemi Panarin is hit by Johan Larsson and loses puck.
8:13 of 2nd period - Shot by Jake Virtanen.
8:13 of 2nd period - Shot Hit the Post.
8:37 of 2nd period - David Savard is hit by Paul Byron and loses puck.
8:46 of 2nd period - Nick Schmaltz is hit by Paul Byron and loses puck.
8:56 of 2nd period - Off-side.
8:57 of 2nd period - Alexander Wennberg wins face-off versus Jordan Staal in neutral zone.
8:57 of 2nd period - Alexander Wennberg is hit by Joe Pavelski.
9:14 of 2nd period - Shot by Joe Pavelski.
9:14 of 2nd period - Stopped by Anders Nilsson without a rebound.
9:15 of 2nd period - Riley Nash wins face-off versus Lucas Wallmark in TEXAS TOROS zone.
9:15 of 2nd period - Riley Nash is hit by Zach Aston-Reese.
9:27 of 2nd period - Shot by Jack Roslovic.
9:27 of 2nd period - Shot Misses the Net.
9:37 of 2nd period - Shot by Carl Hagelin.
9:37 of 2nd period - Shot Misses the Net.
9:39 of 2nd period - Shot by Carl Hagelin.
9:39 of 2nd period - Shot Misses the Net.
9:51 of 2nd period - Shot by Zach Aston-Reese.
9:51 of 2nd period - Shot Misses the Net.
9:55 of 2nd period - Shot by Carl Hagelin.
9:55 of 2nd period - Stopped by Anders Nilsson without a rebound.
9:56 of 2nd period - Jordan Staal wins face-off versus Sven Baertschi in TEXAS TOROS zone.
9:59 of 2nd period - Shot by Brayden Schenn.
9:59 of 2nd period - Deflect By Joe Pavelski.
9:59 of 2nd period - Stopped by Anders Nilsson with a rebound.
10:01 of 2nd period - Shot by Jordan Staal.
10:01 of 2nd period - Shot Misses the Net.
10:03 of 2nd period - Shot by Joe Pavelski.
10:03 of 2nd period - Stopped by Anders Nilsson without a rebound.
10:04 of 2nd period - Jake Virtanen wins face-off versus Patrice Bergeron in TEXAS TOROS zone.
10:04 of 2nd period - Jake Virtanen is hit by Paul Byron.
10:37 of 2nd period - Off-side.
10:38 of 2nd period - Jordan Staal wins face-off versus Sven Baertschi in neutral zone.
10:57 of 2nd period - Shot by Joe Pavelski.
10:57 of 2nd period - Shot Misses the Net.
11:44 of 2nd period - Icing by Braydon Coburn.
11:45 of 2nd period - Alexander Wennberg wins face-off versus Patrice Bergeron in TEXAS TOROS zone.
11:49 of 2nd period - Icing by Nick Cousins.
11:50 of 2nd period - Patrice Bergeron wins face-off versus Alexander Wennberg in TEXAS TOROS zone.
11:55 of 2nd period - Shot by Artemi Panarin.
11:55 of 2nd period - Shot Blocked by Patrik Nemeth.
12:21 of 2nd period - Shot by Artemi Panarin.
12:21 of 2nd period - Stopped by Anders Nilsson without a rebound.
12:21 of 2nd period - Minor Penalty to David Savard for Tripping.
12:22 of 2nd period - Derek Stepan wins face-off versus Patrice Bergeron in TEXAS TOROS zone.
12:35 of 2nd period - Shot by Mark Giordano.
12:35 of 2nd period - Shot Misses the Net.
12:37 of 2nd period - Shot by John Klingberg.
12:37 of 2nd period - Shot Misses the Net.
12:39 of 2nd period - Shot by Mark Giordano.
12:39 of 2nd period - Stopped by Anders Nilsson without a rebound.
12:40 of 2nd period - Jordan Staal wins face-off versus Derek Stepan in TEXAS TOROS zone.
12:56 of 2nd period - Icing by Brayden Schenn.
12:57 of 2nd period - Jordan Staal wins face-off versus Derek Stepan in COLORADO GLACIERCATS zone.
13:06 of 2nd period - Shot by Brayden Schenn.
13:06 of 2nd period - Shot Misses the Net.
13:22 of 2nd period - Shot by Brayden Schenn.
13:22 of 2nd period - Stopped by Anders Nilsson with a rebound.
13:24 of 2nd period - Shot by Jordan Staal.
13:24 of 2nd period - Shot Misses the Net.
13:32 of 2nd period - Shot by Jordan Staal.
13:32 of 2nd period - Shot Blocked by Erik Gustafsson.
14:56 of 2nd period - Shot by Zach Aston-Reese.
14:56 of 2nd period - Stopped by Anders Nilsson without a rebound.
14:57 of 2nd period - Alexander Wennberg wins face-off versus Jay Beagle in TEXAS TOROS zone.
15:33 of 2nd period - Shot by Sven Baertschi.
15:33 of 2nd period - Shot Blocked by Shea Weber.
15:35 of 2nd period - Shot by Alexander Wennberg.
15:35 of 2nd period - Shot Misses the Net.
16:02 of 2nd period - Icing by Derek Stepan.
16:03 of 2nd period - Derek Stepan wins face-off versus Paul Byron in TEXAS TOROS zone.
16:16 of 2nd period - Shot by Justin Abdelkader.
16:16 of 2nd period - Shot Misses the Net.
17:18 of 2nd period - Icing by Ben Lovejoy.
17:19 of 2nd period - Patrice Bergeron wins face-off versus Alexander Wennberg in COLORADO GLACIERCATS zone.
17:40 of 2nd period - Shot by Jordan Staal.
17:40 of 2nd period - Stopped by Anders Nilsson without a rebound.
17:41 of 2nd period - Lucas Wallmark wins face-off versus Derek Stepan in TEXAS TOROS zone.
17:53 of 2nd period - Icing by Tyson Barrie.
17:54 of 2nd period - Derek Stepan wins face-off versus Jordan Staal in TEXAS TOROS zone.
18:43 of 2nd period - Shot by Brayden Schenn.
18:43 of 2nd period - Stopped by Anders Nilsson without a rebound.
18:44 of 2nd period - Lucas Wallmark wins face-off versus Nick Schmaltz in TEXAS TOROS zone.
19:03 of 2nd period - Mark Giordano is hit by Jake Virtanen and loses puck.
19:42 of 2nd period - Minor Penalty to Sven Baertschi for Hooking.
19:43 of 2nd period - Patrice Bergeron wins face-off versus Justin Abdelkader in TEXAS TOROS zone.
Goals for this period are 0 for TEXAS TOROS vs 1 for COLORADO GLACIERCATS.
Shots for this period are 1 for TEXAS TOROS vs 16 for COLORADO GLACIERCATS.

3rd period


0:01 of 3rd period - Patrice Bergeron wins face-off versus Derek Stepan in neutral zone.
0:04 of 3rd period - Shot by Joe Pavelski.
0:04 of 3rd period - Stopped by Anders Nilsson with a rebound.
0:06 of 3rd period - Shot by Mark Giordano.
0:06 of 3rd period - Shot Blocked by Erik Johnson.
0:08 of 3rd period - Shot by Mark Giordano.
0:08 of 3rd period - Shot Misses the Net.
0:10 of 3rd period - Shot by Joe Pavelski.
0:10 of 3rd period - Stopped by Anders Nilsson without a rebound.
0:11 of 3rd period - Patrice Bergeron wins face-off versus Derek Stepan in TEXAS TOROS zone.
0:31 of 3rd period - Patrice Bergeron is hit by David Savard and loses puck.
0:44 of 3rd period - Shot by Artemi Panarin.
0:44 of 3rd period - Shot Blocked by Erik Johnson.
1:06 of 3rd period - Erik Johnson is hit by Joe Pavelski and loses puck.
3:10 of 3rd period - Minor Penalty to Johan Larsson for High sticking.
3:11 of 3rd period - Patrice Bergeron wins face-off versus Derek Stepan in TEXAS TOROS zone.
3:38 of 3rd period - Shot by Patrice Bergeron.
3:38 of 3rd period - Shot Misses the Net.
3:40 of 3rd period - Shot by Joe Pavelski.
3:40 of 3rd period - Shot Misses the Net.
3:42 of 3rd period - Shot by Mark Giordano.
3:42 of 3rd period - Shot Blocked by Tyson Barrie.
3:44 of 3rd period - Shot by John Klingberg.
3:44 of 3rd period - Deflect By Artemi Panarin.
3:44 of 3rd period - Stopped by Anders Nilsson with a rebound.
3:46 of 3rd period - Shot by Patrice Bergeron.
3:46 of 3rd period - Stopped by Anders Nilsson without a rebound.
3:47 of 3rd period - Justin Abdelkader wins face-off versus Jordan Staal in TEXAS TOROS zone.
3:53 of 3rd period - Icing by Shea Weber.
3:54 of 3rd period - Jordan Staal wins face-off versus Justin Abdelkader in COLORADO GLACIERCATS zone.
4:41 of 3rd period - Icing by Ryan Ellis.
4:42 of 3rd period - Derek Stepan wins face-off versus Jordan Staal in COLORADO GLACIERCATS zone.
4:45 of 3rd period - Shot by Tyson Barrie.
4:45 of 3rd period - Shot Blocked by Jordan Staal.
5:02 of 3rd period - Minor Penalty to Ryan Ellis for Goalie Interference.
5:03 of 3rd period - Patrice Bergeron wins face-off versus Derek Stepan in COLORADO GLACIERCATS zone.
5:05 of 3rd period - Icing by Artemi Panarin.
5:06 of 3rd period - Derek Stepan wins face-off versus Patrice Bergeron in COLORADO GLACIERCATS zone.
5:35 of 3rd period - Shot by Brock McGinn.
5:35 of 3rd period - Stopped by Pekka Rinne without a rebound.
5:36 of 3rd period - Jordan Staal wins face-off versus Nick Schmaltz in COLORADO GLACIERCATS zone.
6:20 of 3rd period - Icing by Johan Larsson.
6:21 of 3rd period - Nick Schmaltz wins face-off versus Lucas Wallmark in TEXAS TOROS zone.
7:24 of 3rd period - Icing by Ryan Ellis.
7:25 of 3rd period - Patrice Bergeron wins face-off versus Derek Stepan in COLORADO GLACIERCATS zone.
7:58 of 3rd period - Shot by Derek Stepan.
7:58 of 3rd period - Shot Misses the Net.
8:00 of 3rd period - Shot by Brock McGinn.
8:00 of 3rd period - Stopped by Pekka Rinne with a rebound.
8:02 of 3rd period - Shot by Derek Stepan.
8:02 of 3rd period - Stopped by Pekka Rinne without a rebound.
8:03 of 3rd period - Jordan Staal wins face-off versus Alexander Wennberg in COLORADO GLACIERCATS zone.
8:07 of 3rd period - Icing by Joe Pavelski.
8:08 of 3rd period - Jordan Staal wins face-off versus Nick Schmaltz in COLORADO GLACIERCATS zone.
10:52 of 3rd period - Icing by Mark Giordano.
10:53 of 3rd period - Patrice Bergeron wins face-off versus Riley Nash in COLORADO GLACIERCATS zone.
11:17 of 3rd period - Icing by Mark Giordano.
11:18 of 3rd period - Patrice Bergeron wins face-off versus Derek Stepan in COLORADO GLACIERCATS zone.
11:35 of 3rd period - Shot by Derek Stepan.
11:35 of 3rd period - Stopped by Pekka Rinne without a rebound.
11:36 of 3rd period - Joe Pavelski wins face-off versus Nick Schmaltz in COLORADO GLACIERCATS zone.
11:48 of 3rd period - Icing by Jordan Staal.
11:49 of 3rd period - Jordan Staal wins face-off versus Derek Stepan in COLORADO GLACIERCATS zone.
13:31 of 3rd period - Icing by Jake Virtanen.
13:32 of 3rd period - Patrice Bergeron wins face-off versus Nick Schmaltz in TEXAS TOROS zone.
13:35 of 3rd period - Shot by Artemi Panarin.
13:35 of 3rd period - Shot Misses the Net.
13:38 of 3rd period - Icing by David Savard.
13:39 of 3rd period - Patrice Bergeron wins face-off versus Nick Schmaltz in TEXAS TOROS zone.
16:02 of 3rd period - Minor Penalty to John Klingberg for Holding.
16:03 of 3rd period - Jordan Staal wins face-off versus Nick Schmaltz in COLORADO GLACIERCATS zone.
17:05 of 3rd period - Shot by Brock McGinn.
17:05 of 3rd period - Shot Misses the Net.
17:07 of 3rd period - Shot by Derek Stepan.
17:07 of 3rd period - Stopped by Pekka Rinne without a rebound.
17:08 of 3rd period - Jordan Staal wins face-off versus Derek Stepan in COLORADO GLACIERCATS zone.
17:55 of 3rd period - Zach Aston-Reese is hit by Brock McGinn and loses puck.
19:14 of 3rd period - Nick Schmaltz is hit by Shea Weber and loses puck.
19:30 of 3rd period - Jake Virtanen is hit by John Klingberg and loses puck.
19:38 of 3rd period - Icing by John Klingberg.
19:39 of 3rd period - Patrice Bergeron wins face-off versus Riley Nash in COLORADO GLACIERCATS zone.
19:43 of 3rd period - Off-side.
19:44 of 3rd period - Jordan Staal wins face-off versus Derek Stepan in neutral zone.
19:51 of 3rd period - Shot by Joe Pavelski.
19:51 of 3rd period - Stopped by Anders Nilsson without a rebound.
19:52 of 3rd period - Jordan Staal wins face-off versus Derek Stepan in TEXAS TOROS zone.
19:58 of 3rd period - Brayden Schenn is hit by Braydon Coburn.
Goals for this period are 0 for TEXAS TOROS vs 0 for COLORADO GLACIERCATS.
Shots for this period are 5 for TEXAS TOROS vs 5 for COLORADO GLACIERCATS.


RYAN
NUGENT-HOPKINS
THATCHER
DEMKO
MITCHELL
MARNER

EAST COAST

HOCKEY LEAGUE

  • 13.MAN3PIT5
  • 14.NHW2ATL3
  • 15.PET5WOR4
  • 16.RHI30
  • 17.QUECHI
  • 18.CHALIM
  • 19.TRVLON
  • 20.CHWBAL